 Dungeon Crawl Stone Soup version 0.22.0 (webtiles) character file.

121 Timinator the Insei (level 4, -7/35 HPs)
             Began as a Vampire Transmuter on Jan 12, 2019.
             Mangled by Crazy Yiuf
             ... wielding a +4 quarterstaff of chaos
              (13 damage)
             ... on level 2 of the Dungeon.
             The game lasted 00:13:21 (2010 turns).

Timinator the Insei (Vampire Transmuter)            Turns: 2010, Time: 00:13:21

Health: -7/35      AC:  2    Str: 10    XL:     4   Next: 77%
Magic:  6/7        EV: 13    Int: 15    God:
Gold:   126        SH:  0    Dex: 14    Spells: 6/7 levels left

rFire    . . .     SeeInvis +     - Unarmed
rCold    . . .     Gourm    .   (no shield)
rNeg     + . .     Faith    .   b - +0 robe
rPois    .         Spirit   .   (no helmet)
rElec    .         Reflect  .   (no cloak)
rCorr    .         Harm     .   (no gloves)
MR       .....                  (boots currently unavailable)
Stlth    +.........             (no amulet)
HPRegen  0.11/turn              (no ring)
MPRegen  0.10/turn              (no ring)

@: appendage (expiring), hasted and slowed
A: fangs 3, talons 3, see invisible, unbreathing
a: Bat Form, End Transformation


You were on level 2 of the Dungeon.
You were not thirsty.
You had grown temporary talons.
You visited 1 branch of the dungeon, and saw 2 of its levels.

You collected 126 gold pieces.

Inventory:

Missiles
 a - 12 arrows
Armour
 b - a +0 robe (worn)
Scrolls
 c - a scroll of enchant armour {unknown}
 e - a scroll of blinking {unknown}
 f - 5 scrolls of identify {unknown}
 i - 3 scrolls of immolation {unknown}
 j - a scroll of amnesia {unknown}
 k - a scroll of teleportation {unknown}
Potions
 d - 13 potions of blood
 g - a potion of flight {unknown}
 l - a potion of curing {unknown}
 m - a potion of cancellation


   Skills:
 + Level 3.0 Fighting
 + Level 2.8 Dodging
 + Level 3.7 Unarmed Combat
 - Level 2.0 Spellcasting
 * Level 3.3 Transmutations


You had 6 spell levels left.
You knew the following spells:

 Your Spells              Type           Power        Failure   Level  Hunger
a - Beastly Appendage     Tmut           ##....       5%          1    #......

Your spell library contained the following spells:

 Spells                   Type           Power        Failure   Level  Hunger
 Spider Form              Tmut/Pois      #.........   32%         3    ###....
 Blade Hands              Tmut           ##........   83%         5    ######.
 Ice Form                 Ice/Tmut       #.......     73%         4    #####..
 Sticks to Snakes         Tmut           ##......     9%          2    ###....


Dungeon Overview and Level Annotations

Branches:
Dungeon (2/15)

Altars:
Uskayaw

Annotations:
D:2 Crazy Yiuf


Innate Abilities, Weirdness & Mutations

You have razor-sharp teeth.
You have supernaturally acute eyesight. (SInv)
You can survive without breathing.
You have claws for feet.


Message History

You hit Crazy Yiuf. Your kick misses Crazy Yiuf.
Crazy Yiuf is moderately wounded.
Crazy Yiuf hits you with a quarterstaff of chaos!
You feel yourself slow down.
You hit Crazy Yiuf. You claw Crazy Yiuf.
Crazy Yiuf is severely wounded.
Crazy Yiuf screams, "Key canine seventy!"
Crazy Yiuf closely misses you.
You hit Crazy Yiuf but do no damage. Your kick misses Crazy Yiuf.
Your bite misses Crazy Yiuf.
Crazy Yiuf is severely wounded.
Crazy Yiuf hits you with a quarterstaff of chaos!
* * * LOW HITPOINT WARNING * * *
Crazy Yiuf freezes you.
* * * LOW HITPOINT WARNING * * *
You closely miss Crazy Yiuf. You claw Crazy Yiuf.
Crazy Yiuf is almost dead.
Crazy Yiuf closely misses you.
Crazy Yiuf hits you with a quarterstaff of chaos!
You die...

###.....######'######
########..........#
### #..........# ..#
############ #.# ..#
###♣♣♣♣♣ ..#
##)#..♣.♣♣♣#####
..###.)....♣..♣#...#
.###......♣♣♣♣.'@g.#
## #...#.♣♣ ♣♣#..)#
####..##♣♣ #####
......# ####..#
#..#########
#..........#
#..........#
#..........#


You could see Crazy Yiuf.

Vanquished Creatures
  6 adders (D:2)
  An ooze (D:1)
  A worm (D:2)
  A ball python (D:1)
  4 giant cockroaches
  15 goblins
  10 hobgoblins
  5 bats
  3 frilled lizards
  8 kobolds
  5 rats
59 creatures vanquished.

Notes
Turn   | Place    | Note
-------+----------+-------------------------------------------
     0 | D:1      | Timinator the Vampire Transmuter began the quest for the Orb.
     0 | D:1      | Reached XP level 1. HP: 14/14 MP: 3/3
    28 | D:1      | Reached skill level 1 in Fighting
    88 | D:1      | Reached XP level 2. HP: 14/22 MP: 5/5
   367 | D:1      | Reached XP level 3. HP: 13/28 MP: 4/6
  1070 | D:2      | Reached XP level 4. HP: 10/34 MP: 7/7
  1612 | D:2      | Noticed a hand axe
  1612 | D:2      | Noticed a dagger
  1614 | D:2      | Found a hide-covered altar of Uskayaw.
  1995 | D:2      | Found a runed door.
  2001 | D:2      | Noticed Crazy Yiuf
  2010 | D:2      | Mangled by Crazy Yiuf

Skill      XL: |  1  2  3  4 |
---------------+-------------+-----
Fighting       | 1 2 3 |  3.0
Transmutations | 3 |  3.3
Dodging        | |  2.8
Unarmed Combat | |  3.7
Spellcasting   | |  2.0

Action                   |  1- 3 |  4- 6 || total
-------------------------+-------+-------++-------
Melee: Unarmed           |   149 |    81 ||   230
       Headbutt          |     6 |     1 ||     7
       Bite              |    10 |     3 ||    13
       Kick              |     7 |    11 ||    18
       Punch             |     1 |       ||     1
 Cast: Beastly Appendage |     9 |     9 ||    18
 Abil: Bat Form          |     2 |       ||     2
       End Transformatio |     1 |       ||     1
  Use: Potion            |     5 |     4 ||     9
 Stab: Sleeping          |     6 |     1 ||     7
  Eat: Corpse            |     4 |     2 ||     6
Armor: Robe              |    18 |    12 ||    30
Dodge: Dodged            |    95 |    45 ||   140
